 Dungeon Crawl Stone Soup version 0.30-a0-924-g0ad0bf95bc (webtiles) character file.

Game seed: 8593379631192211659

12649 Mesmaeker13 the Martial Artist (level 11, 0/96 HPs)
             Began as an Octopode Transmuter on Mar 22, 2023.
             Was an Elder of Wu Jian.
             Slain by a deep elf archer
             ... wielding a +0 short sword
              (14 damage)
             ... on level 11 of the Dungeon.
             The game lasted 00:33:46 (14387 turns).

Mesmaeker13 the Martial Artist (OpTm)              Turns: 14387, Time: 00:33:46

Health: 0/96       AC: 14    Str: 16    XL:     11   Next: 96%
Magic:  14/14      EV: 10    Int: 23    God:    Wu Jian [****..]
Gold:   76         SH:  0    Dex: 11    Spells: 3/14 levels left

rFire   + . .      SeeInvis .    E - melded +7 hand axe of the Beastly God {venom, rC+ Will+}
rCold   + + +      Faith    .    (shield currently unavailable)
rNeg    . . .      Spirit   .    (helmet currently unavailable)
rPois   +          Reflect  .    (no amulet)
rElec   .          Rampage  .    p - ring of wizardry
rCorr   .                        j - +4 ring of protection
Will    .....                    b - ring of protection from fire
Stlth   +                        t - ring of protection from fire
HPRegen 0.36/turn                h - +6 ring of intelligence
MPRegen 0.14/turn                (no ring)
                                 (no ring)
                                 (no ring)

@: confused, mighty, brilliant, ice-form, attractive, slowed, invisible, very
slow
A: freezing attack, boosted hp, almost no armour, amphibious, 8 rings, large,
(camouflage 1), (gelatinous body 1), (nimble swimmer 1), (tentacles), strong 1,
evolution 1
a: End Transformation, Renounce Religion, Wall Jump, Serpent's Lash


You were on level 11 of the Dungeon.
You worshipped Wu Jian.
Wu Jian was greatly pleased with you.
You were a creature of crystalline ice.
You visited 2 branches of the dungeon, and saw 12 of its levels.

You collected 758 gold pieces.
You spent 682 gold pieces at shops.

Inventory:

Hand Weapons
 v - a +0 trident
 E - the +7 hand axe of the Beastly God (melded) {venom, rC+ Will+}
   (You found it on level 10 of the Dungeon)

   rC:        It protects you from cold.
   Will:      It increases your willpower.
Missiles
 D - a curare-tipped dart (quivered)
Jewellery
 b - a ring of protection from fire (on tentacle)
 h - a +6 ring of intelligence (on tentacle)
 j - a +4 ring of protection (right front paw)
 p - a ring of wizardry (left front paw)
 t - a ring of protection from fire (on tentacle)
Wands
 A - a wand of roots (13)
Scrolls
 e - 2 scrolls of immolation {unknown}
 f - 2 scrolls of summoning
 i - 4 scrolls of enchant weapon
 k - a scroll of blinking
 l - a scroll of poison {unknown}
 n - 3 scrolls of teleportation
 u - a scroll of amnesia
 w - a scroll of brand weapon {unknown}
 y - a scroll of magic mapping {unknown}
 B - 2 scrolls of fog
 C - a scroll of noise {unknown}
 F - a scroll of acquirement {unknown}
Potions
 a - 2 potions of lignification
 c - a potion of might
 d - 3 potions of curing
 m - 3 potions of flight
 o - a potion of haste
 r - 2 potions of heal wounds
 s - a potion of magic
 z - a potion of attraction


   Skills:
 + Level 9.2 Fighting
 - Level 2.0 Dodging
 + Level 9.7 Unarmed Combat
 - Level 2.0 Spellcasting
 + Level 9.4 Transmutations
 + Level 8.9 Ice Magic
 + Level 6.1 Poison Magic


You had 3 spell levels left.
You knew the following spells:

 Your Spells              Type           Power      Damage    Failure   Level
b - Wereblood             Tmut           62%        N/A       1%          2
c - Ice Form              Ice/Tmut       61%        N/A       1%          4
d - Alistair's Intoxicat  Tmut/Pois      36%        N/A       6%          5

Your spell library contained the following spells:

 Spells                   Type           Power      Damage    Failure   Level
 Beastly Appendage        Tmut           100%       N/A       1%          1
 Spider Form              Tmut/Pois      55%        N/A       1%          3
 Apportation              Tloc           6%         N/A       5%          1
 Necrotise                Necr           12%        1d4       5%          1
 Slow                     Hex            12%        N/A       5%          1
 Summon Small Mammal      Summ           12%        N/A       5%          1
 Confusing Touch          Hex            3%         N/A       16%         3
 Stone Arrow              Conj/Erth      6%         3d7       16%         3
 Vampiric Draining        Necr           3%         2d6       16%         3
 Lehudib's Crystal Spear  Conj/Erth      1%         10d2      100%        8
 Animate Armour           Summ/Erth      Unusable   N/A       N/A         4

Dungeon Overview and Level Annotations

Branches:
Dungeon (11/15)            Temple (1/1) D:5            Lair (0/5) D:11
    Orc (0/2) D:11

Altars:
Ashenzari
Cheibriados
Dithmenos
Elyvilon
Fedhas
Gozag
Hepliaklqana
Kikubaaqudgha
Makhleb
Nemelex Xobeh
Okawaru
Qazlal
Ru
Sif Muna
Trog
Uskayaw
Vehumet
Wu Jian
Xom
Yredelemnul
Zin
The Shining One

Shops:
D:1 (   D:3 =(=

Annotations:
D:10 exclusions: door and 1 more exclusion


Innate Abilities, Weirdness & Mutations

You are a creature of crystalline ice.
You have a powerful freezing melee attack.
Your maximum health is increased.
Your armour is entirely melded.
You are incapable of wielding weapons or throwing items.
You cannot wear most types of armour.
You are amphibious.
You can wear up to eight rings at the same time.
((Your skin changes colour to match your surroundings (Stealth+).))
((Your rubbery body absorbs attacks. (AC +1, EV +1)))
((You are camouflaged when in or above water. (Stealth+)))
((You have tentacles for arms and can constrict up to eight enemies at once.))
Your muscles are strong. (Str +4, Int/Dex -1)
You have hidden genetic potential.


Message History

You hit the deep elf archer. You freeze the deep elf archer.
The deep elf archer is lightly wounded.
The deep elf archer hits you with a +0 short sword.
You bump into the stone wall.
The deep elf archer hits you but does no damage.
The deep elf archer gestures wildly while chanting.
The deep elf archer blinks!
The deep elf archer is attracted toward you.
You are too confused!
Unknown command.
Okay, then.
The deep elf archer hits you but does no damage.
You bump into the tree.
The deep elf archer gestures at you while chanting.
You feel yourself slow down.
You bump into the stone wall.
You feel less confused.
The deep elf archer hits you but does no damage.
It was a potion of might.
You feel very mighty all of a sudden.
The deep elf archer hits you with a +0 short sword! x2
You closely miss the deep elf archer.
The deep elf archer hits you with a +0 short sword.
You barely miss the deep elf archer.
The deep elf archer hits you with a +0 short sword!
* * * LOW HITPOINT WARNING * * *
It was a potion of magic.
Magic courses through your body.
The deep elf archer hits you with a +0 short sword!
* * * LOW HITPOINT WARNING * * *
The deep elf archer hits you but does no damage.
It was a potion of invisibility.
You fade into invisibility!
The deep elf archer casts a spell at you.
You feel as though you will be slow longer.
It was a potion of brilliance.
You feel clever all of a sudden.
The deep elf archer gestures at you while chanting.
You are confused.
The deep elf archer hits you with a +0 short sword!
You die...

###.........# #.... #.........#
#.... #.........# #....
#.........# #)... #........#####
#####... #<.......#...♣ ♣♣.♣♣#...
.........#.♣♣♣♣# #♣...♣#...
...>....#.....# #.....#...
........#♣♣♣♣Y# #.....#...
........#...e.# #h.O..#...
##.........#.♣♣♣♣# #.♣♣♣.#...
...........#.)...♣.♣♣♣♣♣♣[♣.♣#...
.............♣♣♣.....D...♣♣♣.....
~~.........#.....♣.♣♣♣♣♣♣.♣.♣#...
~~≈~.......#.♣♣♣♣# #.♣♣♣.#...
..~~.~~~...#.. #.....#...
∩....~≈~...#♣♣♣ #.....#...


You could see a deep elf archer (repels missiles, unable to see you).

Vanquished Creatures
  2 two-headed ogres
  Pikel (D:7)
  A gargoyle (D:11)
  An unseen horror (D:11)
  A hornet (D:8)
  Sigmund (D:5)
  A slime creature (D:11)
  2 centaur simulacra (D:11)
  A vampire (D:11)
  A wyvern (D:8)
  13 yaks
  2 wraiths
  4 fire bats (D:10)
  A steam dragon (D:7)
  2 vampire mosquitoes (D:11)
  2 acid dragons
  3 water moccasins
  A hell hound (D:10)
  Duvessa (D:7)
  A sky beast (D:7)
  5 ice beasts
  6 orc warriors
  4 black bears
  2 wolves (D:11)
  6 centaurs
  An ogre (D:5)
  A phantom (D:6)
  3 lemures (D:7)
  2 kobold brigands
  2 scorpions
  2 bullfrogs
  6 wights (D:6)
  12 killer bees
  2 electric eels (D:11)
  2 orc priests
  6 hounds (D:5)
  5 jellies
  3 iron imps (D:10)
  Natasha (thrice) (D:2)
  4 sleepcaps
  5 iguanas
  7 orc wizards
  6 adders
  A shadow imp (D:7)
  6 white imps
  3 ufetubi
  5 dart slugs
  25 orcs
  6 ball pythons
  7 endoplasms
  2 giant cockroaches (D:2)
  6 hobgoblins
  2 jackals (D:4)
  14 kobolds
  A quokka (D:4)
  4 bats
  A frilled lizard (D:3)
  6 goblins
  4 rats
  A fire vortex (D:10)
231 creatures vanquished.

Vanquished Creatures (collateral kills)
  A two-headed ogre (D:10)
  A shadow (D:10)
  Dowan (D:7)
3 creatures vanquished.

Vanquished Creatures (others)
  A yak (D:8)
  2 fire vortices (D:10)
  A plant (D:1)
4 creatures vanquished.

Grand Total: 238 creatures vanquished

Notes
Turn   | Place    | Note
-------+----------+-------------------------------------------
     0 | D:1      | Mesmaeker13 the Octopode Transmuter began the quest for the
                  | Orb.
     0 | D:1      | Reached XP level 1. HP: 13/13 MP: 3/3
   208 | D:1      | Reached XP level 2. HP: 18/18 MP: 3/5
   247 | D:1      | Learned a level 2 spell: Wereblood
   599 | D:1      | Found Ibbot's Antique Weapon Emporium.
  1090 | D:2      | Noticed Natasha
  1240 | D:2      | You fall into a shaft and drop 2 floors!
  1285 | D:4      | Reached XP level 3. HP: 21/24 MP: 4/6
  1789 | D:3      | Reached XP level 4. HP: 29/29 MP: 5/7
  1794 | D:3      | Learned a level 4 spell: Ice Form
  1906 | D:3      | Found Kasmal's Antique Weapon Shop.
  2010 | D:3      | Found Tamou's Jewellery Shoppe.
  2250 | D:3      | Found Peapsed's Jewellery Emporium.
  3218 | D:4      | Reached skill level 1 in Ice Magic
  3218 | D:4      | Reached XP level 5. HP: 35/35 MP: 3/8
  3436 | D:5      | Entered Level 5 of the Dungeon
  3563 | D:5      | Found a staircase to the Ecumenical Temple.
  3749 | D:5      | Noticed an ogre
  3762 | D:5      | Killed an ogre
  3763 | D:5      | Reached XP level 6. HP: 42/42 MP: 6/9
  3999 | Temple   | Entered the Ecumenical Temple
  4174 | Temple   | Became a worshipper of the Wu Jian Council
  4344 | D:5      | Reached XP level 7. HP: 38/47 MP: 6/10
  4570 | D:5      | Reached skill level 5 in Unarmed Combat
  4732 | D:5      | Noticed Sigmund
  4862 | D:2      | Found a faded altar of an unknown god.
  4888 | D:2      | Found a stormy altar of Qazlal.
  5048 | D:2      | Killed Natasha
  5122 | D:2      | Noticed Natasha
  5132 | D:2      | Killed Natasha
  5149 | D:2      | Noticed Natasha
  5155 | D:2      | Killed Natasha
  5640 | D:6      | Reached XP level 8. HP: 43/54 MP: 7/11
  5724 | D:6      | Reached * piety under Wu Jian
  5737 | D:6      | Reached skill level 5 in Transmutations
  5806 | D:6      | Noticed a two-headed ogre
  5825 | D:5      | Reached skill level 5 in Fighting
  6075 | D:5      | Killed Sigmund
  6381 | D:6      | Noticed a wraith
  6708 | D:6      | Found a broken altar of Ashenzari.
  6783 | D:6      | Reached skill level 5 in Ice Magic
  6783 | D:6      | Reached XP level 9. HP: 41/61 MP: 8/12
  7027 | D:6      | Found a glowing silver altar of Zin.
  7169 | D:6      | Killed a two-headed ogre
  7560 | D:7      | Reached ** piety under Wu Jian
  7608 | D:7      | Reached XP level 10. HP: 49/69 MP: 9/13
  7832 | D:7      | Noticed Pikel
  7842 | D:7      | Killed Pikel
  8003 | D:7      | Noticed Duvessa
  8007 | D:7      | Noticed Dowan
  8018 | D:7      | Killed Dowan
  8875 | D:7      | Killed Duvessa
  9036 | D:8      | Learned a level 5 spell: Alistair's Intoxication
  9076 | D:8      | Reached skill level 1 in Poison Magic
  9782 | D:8      | Found a hide-covered altar of Uskayaw.
  9782 | D:8      | Found a basalt altar of Yredelemnul.
  9921 | D:9      | Reached *** piety under Wu Jian
 10012 | D:9      | Found a sparkling altar of Nemelex Xobeh.
 10382 | D:9      | Reached XP level 11. HP: 77/77 MP: 4/14
 10853 | D:10     | Entered Level 10 of the Dungeon
 10981 | D:10     | Noticed a two-headed ogre
 11823 | D:11     | Found a staircase to the Orcish Mines.
 12115 | D:11     | HP: 2/78 [something (7)]
 12537 | D:3      | Bought a +4 ring of protection for 432 gold pieces
 12561 | D:3      | Bought a ring of protection from fire for 250 gold pieces
 12636 | D:6      | Found an iron altar of Okawaru.
 12715 | D:10     | Found a burning altar of Makhleb.
 12821 | D:10     | Identified the +7 hand axe of the Beastly God {venom, rC+
                  | Will+}
 12882 | D:10     | Reached skill level 5 in Poison Magic
 12889 | D:10     | Reached **** piety under Wu Jian
 12919 | D:10     | Gained mutation: You have hidden genetic potential. [potion
                  | of mutation]
 12919 | D:10     | Gained mutation: Your muscles are strong. (Str +4, Int/Dex
                  | -1) [potion of mutation]
 12929 | D:10     | Killed a two-headed ogre
 13715 | D:11     | Found a staircase to the Lair.
 13862 | D:11     | Noticed a two-headed ogre
 14348 | D:11     | Noticed a two-headed ogre
 14352 | D:11     | Killed a two-headed ogre
 14368 | D:11     | Noticed a deep elf archer
 14387 | D:11     | Slain by a deep elf archer

Illustrated notes

Levels and vault maps discovered:
D:1:      minmay_arrival_arboretum_small, layout_basic, serial_forest,
          infiniplex_forest_end_1, infiniplex_forest_3_way,
          infiniplex_forest_end_2, infiniplex_forest_end_2,
          infiniplex_forest_pool, infiniplex_forest_end_3, serial_shops,
          nicolae_shop_behind_doors
D:2:      layout_basic, hellmonk_ecumenical_altar_lost_god, basic_altar,
          uniq_natasha
D:3:      layout_basic, serial_shops, nicolae_shop_trees, shop,
          nicolae_shop_statue_plus
D:4:      layout_layer_cave
D:5:      layout_basic, temple_doors_e, uniq_sigmund
D:6:      cheibrodos_fzero, layout_rooms, lemuel_round_altar,
          nicolae_overflow_hidden_temple, kennysheep_big_empty_room
D:7:      layout_basic, st_stairs_13, nicolae_figureground_sparkle, uniq_pikel,
          uniq_duvessa
D:8:      layout_cave_pools, nicolae_overflow_two_pavilions,
          wad_floor_pattern_untrapped, minmay_starry_boxes
D:9:      layout_irregular_city, nemelex_spade_bored_becter
D:10:     layout_roguey, demons_altar, enter_bailey_2, hangedman_incinerator
D:11:     nzn_winding_woodlands_three_and_one
          [nzn_winding_woodlands_5x15_sidewinder,
          nzn_winding_woodlands_5x15_sawtooth,
          nzn_winding_woodlands_5x15_parted,
          nzn_winding_woodlands_center_diamonds], layout_irregular_city,
          orc_0_dummy, serial_ice, serial_ice_i, serial_ice_a, serial_ice_g,
          serial_ice_b, serial_ice_m, serial_ice_o, corexii_checkpoint_a,
          corexii_corridor_pit
Temple:   regret_index_temple_generic_petals

Skill      XL: |  1  2  3  4  5  6  7  8  9 10 11 |
---------------+----------------------------------+-----
Fighting       | 2 3 4 5 6 8 9 |  9.2
Transmutations | 3 4 5 7 8 9 |  9.4
Ice Magic      | 1 2 3 5 6 7 8 |  8.9
Unarmed Combat | 4 5 6 7 8 9 |  9.7
Poison Magic   | 3 6 |  6.1
Dodging        | |  2.0
Spellcasting   | |  2.0

Action                     |  1- 3 |  4- 6 |  7- 9 | 10-12 || total
---------------------------+-------+-------+-------+-------++-------
  Melee: Unarmed           |    55 |    92 |   165 |   300 ||   612
         Kick              |    15 |     5 |     4 |       ||    24
         Constrict         |    12 |     9 |     5 |       ||    26
         Tentacles         |     9 |     6 |     1 |       ||    16
         Punch             |       |     1 |       |       ||     1
  Throw: Dart              |       |       |       |     2 ||     2
   Cast: Beastly Appendage |    25 |    12 |     3 |       ||    40
         Wereblood         |     1 |     2 |     6 |    17 ||    26
         Ice Form          |       |     6 |    26 |    47 ||    79
Ability: Lunge             |       |       |    22 |    29 ||    51
         Whirlwind         |       |       |       |     8 ||     8
         End Transformatio |       |       |       |     1 ||     1
  Evoke: Wand              |       |       |     4 |    16 ||    20
    Use: Scroll            |     3 |       |     2 |    13 ||    18
         Potion            |     1 |       |     2 |    17 ||    20
   Stab: Sleeping          |     2 |     3 |     4 |       ||     9
         Invisible         |       |       |       |     4 ||     4
 Armour: Skin              |    10 |    18 |    38 |    87 ||   153
  Dodge: Dodged            |    29 |    53 |    65 |   126 ||   273

Table legend: (Time is in decaauts)
 A = Elapsed time spent in this place.
 B = Non-inter-level travel time spent in this place.
 C = Inter-level travel time spent in this place.
 D = Time resting spent in this place.
 E = Time spent auto-exploring this place.
 F = Levels seen in this place.
 G = Mean time per level.
                   A        B        C        D        E       F      G
               +--------+--------+--------+--------+--------+-----+--------+
         Total |  14330 |  13371 |    959 |   2581 |   7214 |  12 | 1194.2 |
       Dungeon |  14018 |  13078 |    940 |   2581 |   6936 |  11 | 1274.4 |
        Temple |    311 |    292 |     19 |      0 |    278 |   1 |  311.0 |
               +--------+--------+--------+--------+--------+-----+--------+

Top non-repeatable levels by time:
     D:5: 1918 daAuts
    D:11: 1611 daAuts
     D:7: 1494 daAuts
     D:4: 1478 daAuts
    D:10: 1401 daAuts
     D:1: 1187 daAuts
     D:8: 1139 daAuts
     D:6: 1136 daAuts
     D:9: 1037 daAuts
     D:3: 820 daAuts
     D:2: 793 daAuts
  Temple: 311 daAuts
